[Event "Titled Tuesday Blitz September 28 2021"]
[White "Lukovic, Vladimir"]
[Black "Drozdowski, Kacper"]
[WhiteFideId "942952"]
[BlackFideId "1136720"]
[WhiteElo "2436"]
[BlackElo "2507"]
[Result "1/2-1/2"]
[Round "10"]
[TimeControl "180+1"]
[Date "2021.09.28"]
[WhiteClock "0:00:06"]
[BlackClock "0:00:18"]

1. e4 c5 2. Nf3 e6 3. d4 cxd4 4. Nxd4 a6 5. Bd3 Nf6 6. O-O d6 7. c4 Nbd7 8. Nc3 g6 9. Qe2 Bg7 10. Rd1 O-O 11. Nf3 Qc7 12. Bf4 Ng4 13. Rac1 Nge5 14. Nxe5 Nxe5 15. Qe3 b6 16. Be2 Rb8 17. Bh6 Bb7 18. Bxg7 Kxg7 19. Qd4 Qc5 20. Qxd6 Rfd8 21. Qxc5 bxc5 22. f4 Nc6 23. Rxd8 Rxd8 24. Rd1 Nd4 25. Kf2 Bc6 26. Bf3 Rb8 27. b3 e5 28. fxe5 Re8 29. Ne2 Nxe2 30. Kxe2 Rxe5 31. Kd3 Kf6 32. a3 a5 33. Ke3 Ke7 34. g4 Re6 35. g5 f6 36. gxf6+ Rxf6 37. b4 axb4 38. axb4 cxb4 39. Rb1 Kd6 40. Rxb4 Kc5 41. Rb1 Rf8 42. Rd1 g5 43. Bg4 Rf4 44. Bf5 Rh4 45. h3 h5 46. Rg1 g4 47. hxg4 hxg4 48. Kf4 Kxc4 49. Kg5 Rh8 50. Rc1+ Kb5 51. Kxg4 Kb6 52. e5 Rh2 53. e6 Re2 54. Kg5 Bd5 55. Kf6 Bxe6 56. Bxe6 Rf2+ 57. Ke5 Rd2 58. Bd5 Kb5 59. Kd6 Kb4 60. Rb1+ Kc3 61. Kc5 Rb2 62. Rg1 Rd2 63. Rg3+ Rd3 64. Rg2 Rd2 65. Rg8 Rd1 66. Ra8 Rc1 67. Bc4 Kd2 68. Ra3 Rc3 69. Ra7 Re3 70. Kd4 Rc3 71. Ra2+ Rc2 72. Ra3 Rb2 73. Rh3 Rc2 74. Rh1 Rb2 75. Rh2+ Kc1 76. Rh3 Kd2 77. Re3 Rb8 78. Re2+ Kd1 79. Rg2 Ke1 80. Bd5 Kf1 81. Ra2 Rd8 82. Rb2 Rd7 83. Ke5 Rd8 84. Be4 Ke1 85. Kf4 Kd1 86. Ke3 Rc8 87. Rb1+ Rc1 88. Bf3+ Kc2 89. Be4+ Kd1 90. Rb2 Rc8 91. Kd3 Rd8+ 92. Ke3 Rc8 1/2-1/2


[Site "https://www.chess.com"]

[Event "Titled Tuesday Blitz September 28 2021"]
[White "Lysyj, Igor"]
[Black "Ibrahimli, Murad"]
[WhiteFideId "4150120"]
[BlackFideId "13410229"]
[WhiteElo "2660"]
[BlackElo "2109"]
[Result "1-0"]
[Round "10"]
[TimeControl "180+1"]
[Date "2021.09.28"]
[WhiteClock "0:00:28"]
[BlackClock "0:00:02"]

1. d4 Nf6 2. c4 g6 3. Nc3 Bg7 4. e4 d6 5. Nf3 O-O 6. Be2 e5 7. O-O Na6 8. Be3 c6 9. dxe5 dxe5 10. Qxd8 Rxd8 11. h3 Nh5 12. Rfd1 Re8 13. c5 Nc7 14. Nd2 Nf4 15. Bf1 Be6 16. g3 g5 17. Kh2 Rad8 18. Nc4 Bxc4 19. Bxc4 Nfe6 20. Rxd8 Rxd8 21. Rd1 Rxd1 22. Nxd1 Bf8 23. b4 Kg7 24. Nb2 Kf6 25. Bd3 Nb5 26. Nc4 Nc3 27. a3 Nd1 28. Na5 Nxe3 29. fxe3 Nd8 30. Nc4 h5 31. Be2 h4 32. Bg4 hxg3+ 33. Kxg3 Be7 34. Bc8 Bf8 35. Kg4 Be7 36. a4 Bf8 37. a5 a6 38. Nb6 Kg7 39. Kxg5 Be7+ 40. Kg4 Kh6 41. Nd7 f6 42. Nb6 Kg7 43. Bf5 Nf7 44. Kf3 Kf8 45. Nc8 Nd8 46. h4 Nf7 47. h5 Ng5+ 48. Ke2 Nf7 49. Kd3 Bd8 50. Nd6 1-0


[Site "https://www.chess.com"]

[Event "Titled Tuesday Blitz September 28 2021"]
[White "Maly, Alexey"]
[Black "Saravana, Krishnan P."]
[WhiteFideId "14103184"]
[BlackFideId "5018382"]
[WhiteElo "2250"]
[BlackElo "2245"]
[Result "1-0"]
[Round "10"]
[TimeControl "180+1"]
[Date "2021.09.28"]
[WhiteClock "0:00:16"]
[BlackClock "0:00:05"]

1. d4 Nf6 2. c4 g6 3. Nc3 Bg7 4. e4 d6 5. Be2 O-O 6. Nf3 e5 7. O-O Bg4 8. d5 Bxf3 9. Bxf3 a5 10. g3 Na6 11. Bg2 Nc5 12. Qc2 Nfd7 13. Bd2 f5 14. f4 exf4 15. Bxf4 Ne5 16. Rad1 Nxc4 17. exf5 gxf5 18. Bh3 Qf6 19. Bc1 Kh8 20. Rxf5 Qg6 21. Rdf1 Ne5 22. Ne4 Ned3 23. Nxc5 Nxc5 24. Rxf8+ Rxf8 25. Rxf8+ Bxf8 26. Bf5 Qf6 27. b4 Qd4+ 28. Kf1 Qxb4 29. Qe2 Na4 30. Bg5 Qc3 31. Qe6 Qa1+ 32. Kg2 Qb2+ 33. Kh3 1-0


[Site "https://www.chess.com"]

[Event "Titled Tuesday Blitz September 28 2021"]
[White "Manukian, Artak"]
[Black "Gallego Alcaraz, Andres Felipe"]
[WhiteFideId "13301373"]
[BlackFideId "4402669"]
[WhiteElo "2367"]
[BlackElo "2394"]
[Result "1/2-1/2"]
[Round "10"]
[TimeControl "180+1"]
[Date "2021.09.28"]
[WhiteClock "0:00:06"]
[BlackClock "0:00:05"]

1. e4 d6 2. d4 Nf6 3. f3 g6 4. c4 Bg7 5. Nc3 O-O 6. Bg5 c5 7. d5 a6 8. a4 e6 9. Qd2 exd5 10. Nxd5 Nbd7 11. Ne2 h6 12. Nxf6+ Nxf6 13. Bh4 Be6 14. Nc3 Nxe4 15. Bxd8 Nxd2 16. Be7 Rfe8 17. Kxd2 Rxe7 18. Re1 Rd7 19. Kc2 Bxc3 20. bxc3 b6 21. Bd3 d5 22. Bxg6 dxc4 23. Be4 Rc8 24. Rd1 Rcd8 25. Rxd7 Rxd7 26. Rb1 Rd6 27. a5 b5 28. Bb7 Bf5+ 29. Be4 Bxe4+ 30. fxe4 Kg7 31. Rf1 Rf6 32. Rd1 Rf2+ 33. Kb1 Rxg2 34. Rd5 Rg5 35. e5 Rg6 36. Rxc5 Re6 37. Kb2 Kg6 38. Ka3 Kf5 39. Rc7 Rxe5 40. Rxf7+ Ke6 41. Ra7 Rh5 42. Rxa6+ Kd5 43. Kb4 Rxh2 44. Rb6 Rb2+ 45. Ka3 Rb3+ 46. Ka2 Kc5 47. Rxh6 Rxc3 48. a6 Rd3 49. a7 Rd8 50. Ka3 Ra8 51. Rh7 Kb6 52. Kb4 Rxa7 53. Rh6+ Kc7 54. Kxb5 c3 55. Rc6+ Kb7 56. Rxc3 Ra8 57. Kc4 Rc8+ 58. Kb3 Rxc3+ 59. Kxc3 1/2-1/2


[Site "https://www.chess.com"]

[Event "Titled Tuesday Blitz September 28 2021"]
[White "Matamoros Franco, Carlos S."]
[Black "Pacheco Lugo, Alejandro Jose"]
[WhiteFideId "3600017"]
[BlackFideId "3903745"]
[WhiteElo "2554"]
[BlackElo "2125"]
[Result "1/2-1/2"]
[Round "10"]
[TimeControl "180+1"]
[Date "2021.09.28"]
[WhiteClock "0:00:58"]
[BlackClock "0:00:09"]

1. Nf3 Nf6 2. g3 d5 3. Bg2 e6 4. O-O Be7 5. d3 O-O 6. Nbd2 c5 7. e4 Nc6 8. Re1 b5 9. e5 Nd7 10. Nf1 Bb7 11. h4 Qc7 12. Bf4 Rfc8 13. Ne3 Qd8 14. h5 h6 15. Qd2 Bf8 16. g4 Nd4 17. Nxd4 cxd4 18. Nf1 Be7 19. Nh2 Rc6 20. Nf3 Qb6 21. g5 Rac8 22. Rac1 hxg5 23. Bxg5 Bf8 24. Re2 b4 25. Qf4 Ba6 26. Nxd4 R6c7 27. Re3 Bc5 28. Rg3 Bxd4 29. Bf6 Nxf6 30. exf6 Bxf2+ 31. Qxf2 Qxf2+ 32. Kxf2 Rxc2+ 33. Rxc2 Rxc2+ 34. Ke3 g6 35. hxg6 fxg6 36. Rxg6+ Kf7 37. Rg7+ Kxf6 38. Rxa7 Bxd3 39. Bxd5 exd5 40. Kxd3 Rxb2 41. Kd4 Rd2+ 1/2-1/2


[Site "https://www.chess.com"]

[Event "Titled Tuesday Blitz September 28 2021"]
[White "Mirzanurov, Bulat"]
[Black "Tasev, Dejan"]
[WhiteFideId "4184521"]
[BlackFideId "936618"]
[WhiteElo "2180"]
[BlackElo "2253"]
[Result "1/2-1/2"]
[Round "10"]
[TimeControl "180+1"]
[Date "2021.09.28"]
[WhiteClock "0:00:03"]
[BlackClock "0:00:20"]

1. e4 c6 2. d4 d5 3. exd5 cxd5 4. Bd3 Nc6 5. c3 g6 6. Qc2 Bg7 7. Nf3 Bg4 8. Nbd2 Bxf3 9. Nxf3 e6 10. O-O Nge7 11. Bf4 h6 12. h4 O-O 13. Rfe1 Rc8 14. Qd2 h5 15. Bh6 Na5 16. Ne5 Nc4 17. Bxc4 dxc4 18. Bxg7 Kxg7 19. g3 Nd5 20. Qe2 Qc7 21. Rac1 b5 22. Nf3 a5 23. Ng5 Nf6 24. Qe5 Qxe5 25. dxe5 Nd5 26. Ne4 Rb8 27. Nd6 Rfd8 28. f4 Rd7 29. b3 cxb3 30. axb3 Rc7 31. c4 bxc4 32. bxc4 Ne7 33. Rb1 Ra8 34. Red1 a4 35. Ra1 Nf5 36. Rd3 Kf8 37. Rda3 Nxd6 38. exd6 Rxc4 39. Rd3 Ke8 40. Kf2 Kd7 41. Kf3 Ra6 42. Rb1 Ra7 43. g4 hxg4+ 44. Kxg4 a3 45. Ra1 a2 46. Rd2 Rca4 47. Kg5 R4a5+ 48. Kh6 Rd5 49. Rdxa2 Rxa2 50. Rxa2 Kxd6 51. Kg7 Rf5 52. Rd2+ Ke7 53. Rf2 Rh5 54. Rh2 Rf5 55. Rf2 e5 56. Re2 Ke6 57. fxe5 Rxe5 58. Rxe5+ Kxe5 59. Kxf7 Kf5 60. Kg7 g5 61. hxg5 Kxg5 1/2-1/2


[Site "https://www.chess.com"]

[Event "Titled Tuesday Blitz September 28 2021"]
[White "Navalgund, Niranjan"]
[Black "Noboa Silva, Kevin"]
[WhiteFideId "5030854"]
[BlackFideId "3618471"]
[WhiteElo "2290"]
[BlackElo "2161"]
[Result "1-0"]
[Round "10"]
[TimeControl "180+1"]
[Date "2021.09.28"]
[WhiteClock "0:00:15"]
[BlackClock "0:00:02"]

1. e4 e6 2. g3 d5 3. Bg2 Nf6 4. Nc3 Be7 5. d4 O-O 6. Nge2 b6 7. exd5 exd5 8. O-O c6 9. Re1 Bf5 10. h3 Re8 11. g4 Bg6 12. Ng3 Na6 13. Bf4 Bd6 14. Bg5 Bxg3 15. fxg3 Qd6 16. Kh2 Rxe1 17. Qxe1 Re8 18. Qd2 Ne4 19. Nxe4 Bxe4 20. Re1 c5 21. dxc5 Nxc5 22. b4 Nb7 23. Bxe4 dxe4 24. Qe3 Qxb4 25. Rd1 h6 26. Bf4 Nc5 27. h4 Ne6 28. Be5 Qc5 29. Qxc5 Nxc5 30. Bd4 Rd8 31. c3 e3 32. Kg2 e2 33. Re1 Ne6 34. Rxe2 Nxd4 35. cxd4 Rxd4 36. Re7 Kh7 37. Rxf7 Rd2+ 38. Kh3 Rxa2 39. h5 a5 40. Rb7 Rb2 41. g5 hxg5 42. Kg4 Kh6 43. Rb8 Rb4+ 44. Kf5 Rb5+ 45. Kg4 Kh7 46. Ra8 Rc5 47. Ra7 Kh6 48. Ra8 Rc4+ 49. Kf5 Rc5+ 50. Kg4 Kh7 51. Ra6 Rb5 52. Ra7 Rd5 53. Ra6 Kg8 54. Rxb6 a4 55. Ra6 Rd4+ 56. Kxg5 Kh7 57. Ra7 Rb4 58. g4 Rc4 59. Kh4 Rb4 60. Ra8 Rc4 61. Kg3 Rb4 62. g5 1-0


[Site "https://www.chess.com"]

[Event "Titled Tuesday Blitz September 28 2021"]
[White "Nazaretyan, Tigran"]
[Black "Nesterov, Arseniy"]
[WhiteFideId "24162345"]
[BlackFideId "24198455"]
[WhiteElo "2212"]
[BlackElo "2494"]
[Result "1-0"]
[Round "10"]
[TimeControl "180+1"]
[Date "2021.09.28"]
[WhiteClock "0:00:31"]
[BlackClock "0:00:10"]

1. d4 d5 2. c4 c6 3. Nf3 Nf6 4. Nc3 dxc4 5. a4 a5 6. e4 Bg4 7. Be3 e6 8. Bxc4 Bb4 9. Qc2 Bxf3 10. gxf3 O-O 11. h4 Nbd7 12. h5 e5 13. h6 g6 14. O-O-O Qe7 15. Bg5 exd4 16. Rxd4 Qe5 17. Qd2 Bc5 18. Rd3 Be7 19. f4 Qc5 20. b3 Nb6 21. e5 Nxc4 22. bxc4 Nh5 23. Bxe7 Qxe7 24. Ne4 f6 25. Rxh5 gxh5 26. Nxf6+ Rxf6 27. exf6 Qxf6 28. Rg3+ Kf8 29. Qc3 Qxc3+ 30. Rxc3 Re8 31. Rg3 Re6 32. Rg7 Rxh6 33. Rxb7 h4 34. Kd2 h3 35. Rb1 h2 36. Rh1 Rh3 37. Ke2 Kf7 38. Kf1 Kf6 39. Kg2 Rh6 40. Rxh2 Rxh2+ 41. Kxh2 Kf5 42. Kg3 h6 43. c5 h5 44. Kh4 Kxf4 45. Kxh5 Kf5 46. Kh6 Kf6 47. Kh7 Kf5 48. Kg7 Ke5 49. Kg6 Kd5 50. f4 Kxc5 51. f5 Kb4 52. f6 c5 53. f7 Kxa4 54. f8=Q c4 55. Qc5 Kb3 56. Qb5+ Kc3 57. Qxa5+ Kd3 58. Qd5+ Kc3 59. Kf5 1-0


[Site "https://www.chess.com"]

[Event "Titled Tuesday Blitz September 28 2021"]
[White "Novikova, Galina"]
[Black "Sieciechowicz, Marcin"]
[WhiteFideId "4157095"]
[BlackFideId "1130170"]
[WhiteElo "1844"]
[BlackElo "2318"]
[Result "0-1"]
[Round "10"]
[TimeControl "180+1"]
[Date "2021.09.28"]
[WhiteClock "0:00:02"]
[BlackClock "0:00:10"]

1. e4 c5 2. Nf3 d6 3. d4 cxd4 4. Nxd4 Nf6 5. Nc3 a6 6. h3 e6 7. g4 d5 8. exd5 Nxd5 9. Bg2 Bb4 10. Bd2 Nxc3 11. Bxc3 Bxc3+ 12. bxc3 O-O 13. O-O Qc7 14. Qf3 e5 15. Nf5 Nc6 16. Rfe1 Be6 17. Qg3 Bxf5 18. gxf5 f6 19. Bd5+ Kh8 20. Kh2 Rad8 21. Rad1 Ne7 22. Be6 Rxd1 23. Rxd1 Rd8 24. Rg1 Nd5 25. c4 Nf4 26. h4 Rd6 27. Qg4 Qe7 28. h5 Nxe6 29. fxe6 Rxe6 30. h6 g6 31. Rd1 f5 32. Qg3 Rd6 33. Re1 e4 34. c5 Rd8 35. Rb1 Qxc5 36. Rxb7 g5 37. Rc7 Qd4 0-1


[Site "https://www.chess.com"]

[Event "Titled Tuesday Blitz September 28 2021"]
[White "Nurmanova, Alua"]
[Black "Gaehwiler, Gabriel"]
[WhiteFideId "13729390"]
[BlackFideId "1314530"]
[WhiteElo "1869"]
[BlackElo "2320"]
[Result "0-1"]
[Round "10"]
[TimeControl "180+1"]
[Date "2021.09.28"]
[WhiteClock "0:00:05"]
[BlackClock "0:01:37"]

1. e4 c5 2. Nf3 d6 3. d4 cxd4 4. Nxd4 Nf6 5. Nc3 Nc6 6. Bg5 Bd7 7. Qd2 Rc8 8. f4 Qa5 9. Nb3 Qc7 10. Nd5 Nxd5 11. exd5 Nd8 12. Bd3 h6 13. Bh4 e5 14. fxe5 dxe5 15. O-O Bd6 16. Qf2 O-O 17. Qxa7 f5 18. c3 e4 19. Be2 Bxh2+ 20. Kh1 Bd6 21. Qe3 Nf7 22. c4 b6 23. g4 f4 24. Qxe4 Rce8 25. Qc2 Ne5 26. Nd4 Bxg4 27. Bxg4 Nxg4 28. Ne6 Qf7 29. Nxf8 Qh5 30. Ng6 Ne3 31. Qd3 Qg4 32. Rf2 f3 33. Re1 Re4 34. Rxe3 Qh3+ 35. Kg1 Rg4+ 0-1


[Site "https://www.chess.com"]

[Event "Titled Tuesday Blitz September 28 2021"]
[White "Odegov, Artem"]
[Black "Krysa, Leandro"]
[WhiteFideId "34183644"]
[BlackFideId "116807"]
[WhiteElo "2257"]
[BlackElo "2490"]
[Result "0-1"]
[Round "10"]
[TimeControl "180+1"]
[Date "2021.09.28"]
[WhiteClock "0:01:02"]
[BlackClock "0:01:13"]

1. d4 Nf6 2. c4 e6 3. Nf3 b6 4. g3 Bb7 5. Bg2 Bb4+ 6. Bd2 c5 7. Bxb4 cxb4 8. O-O O-O 9. Nbd2 d6 10. Qc2 Nbd7 11. e4 e5 12. d5 a5 13. Rae1 Nc5 14. Qb1 Bc8 15. Nh4 Ne8 16. f4 exf4 17. Rxf4 g5 18. Ref1 gxf4 19. Rxf4 f6 20. Ndf3 Ra7 21. Nd4 Rg7 22. Ndf5 Bxf5 23. Nxf5 Kh8 24. b3 Rg5 25. Qa1 Rxf5 26. Rxf5 Ng7 27. Rf4 Nd7 28. Qf1 Ne5 29. Bh3 Ne8 30. Bf5 Qc7 31. Rh4 Rf7 32. Be6 Rg7 33. Kh1 Qc5 34. Rf4 Qe3 35. Rxf6 Nxf6 36. Qxf6 Qf3+ 37. Qxf3 Nxf3 38. c5 bxc5 0-1


[Site "https://www.chess.com"]

[Event "Titled Tuesday Blitz September 28 2021"]
[White "Omariev, Maksim"]
[Black "Popadic, Dragan"]
[WhiteFideId "4193423"]
[BlackFideId "913650"]
[WhiteElo "2458"]
[BlackElo "2207"]
[Result "1-0"]
[Round "10"]
[TimeControl "180+1"]
[Date "2021.09.28"]
[WhiteClock "0:00:12"]
[BlackClock "0:01:21"]

1. e4 c5 2. Nf3 Nc6 3. d4 cxd4 4. Nxd4 Nf6 5. Nc3 e5 6. Ndb5 d6 7. Bg5 a6 8. Na3 b5 9. Nd5 Be7 10. Bxf6 Bxf6 11. c4 b4 12. Nc2 O-O 13. g3 Rb8 14. Bg2 b3 15. axb3 Rxb3 16. Ra2 Kh8 17. O-O Bg5 18. Nce3 Rb8 19. f4 exf4 20. gxf4 Bh6 21. Qd3 Ne7 22. b4 Nxd5 23. Nxd5 Qh4 24. Qg3 Qd8 25. Rd1 Bb7 26. Ne3 Qb6 27. Kh1 Qxb4 28. Nf5 Rbd8 29. Rad2 Qxc4 30. Nxd6 Rxd6 31. Rxd6 Bxe4 32. Rd8 g6 33. Qe3 Bxg2+ 34. Kxg2 Qc5 35. Qxc5 Kg8 36. Rxf8+ Bxf8 37. Rd8 Kg7 38. Qxf8+ Kf6 39. Qh8+ Ke7 40. Qxh7 Kxd8 41. Qxf7 Kc8 42. Qxg6 Kb7 43. Qf6 a5 44. Qd4 Ka6 45. f5 Kb5 46. f6 a4 47. f7 a3 48. f8=Q a2 49. Qfb4+ 1-0


[Site "https://www.chess.com"]

[Event "Titled Tuesday Blitz September 28 2021"]
[White "Pakleza, Zbigniew"]
[Black "pawel83"]
[WhiteFideId "1119290"]
[WhiteElo "2526"]
[BlackElo "2461"]
[Result "1-0"]
[Round "10"]
[TimeControl "180+1"]
[Date "2021.09.28"]
[WhiteClock "0:00:56"]
[BlackClock "0:00:58"]

1. a3 g6 2. d4 Bg7 3. Nf3 Nf6 4. Bf4 O-O 5. e3 b6 6. Be2 Bb7 7. O-O c5 8. c3 cxd4 9. cxd4 d6 10. Nc3 Nbd7 11. Rc1 Nd5 12. Nxd5 Bxd5 13. Ba6 Qb8 14. Qa4 Rd8 15. Bg5 Kf8 16. Rc2 Be4 17. Rc3 Bb7 18. Rfc1 Bxa6 19. Qxa6 b5 20. Rc7 h6 21. Bh4 g5 22. Bg3 Qb6 23. Qb7 Qxb7 24. Rxb7 Nb6 25. h4 Bf6 26. hxg5 hxg5 27. e4 g4 28. e5 dxe5 29. dxe5 Bg7 30. Nh4 e6 31. Rcc7 Bh6 32. Rxf7+ Kg8 33. Rh7 Rdb8 1-0


[Site "https://www.chess.com"]

[Event "Titled Tuesday Blitz September 28 2021"]
[White "Paltrinieri, Nicholas"]
[Black "Ekdyshman, Mikhail"]
[WhiteFideId "828262"]
[BlackFideId "4149416"]
[WhiteElo "2254"]
[BlackElo "2256"]
[Result "1-0"]
[Round "10"]
[TimeControl "180+1"]
[Date "2021.09.28"]
[WhiteClock "0:00:28"]
[BlackClock "0:00:02"]

1. d4 Nf6 2. Bg5 Ne4 3. Bh4 d5 4. f3 g5 5. fxe4 gxh4 6. exd5 Qxd5 7. Nc3 Qa5 8. e4 Nd7 9. Bc4 e6 10. Nf3 h3 11. gxh3 Bh6 12. O-O c6 13. Kh1 b5 14. Bb3 b4 15. Ne2 Bb7 16. a3 bxa3 17. Rxa3 Qh5 18. Ng3 Qxh3 19. e5 O-O 20. Ne4 Kh8 21. Nd6 Bc8 22. c4 c5 23. Bc2 Qh5 24. Qd3 f5 25. exf6 Nxf6 26. Ne5 Bg7 27. Qg3 cxd4 28. Qg2 Rb8 29. Rxa7 Bd7 30. Rg1 Qh6 31. Nef7+ Rxf7 32. Nxf7+ Kg8 33. Nxh6+ Kf8 34. Qxg7+ 1-0


[Site "https://www.chess.com"]

[Event "Titled Tuesday Blitz September 28 2021"]
[White "Pandey Srishti"]
[Black "TheKingDoctor"]
[WhiteFideId "35093290"]
[WhiteElo "1816"]
[BlackElo "2334"]
[Result "0-1"]
[Round "10"]
[TimeControl "180+1"]
[Date "2021.09.28"]
[WhiteClock "0:00:50"]
[BlackClock "0:01:30"]

1. d4 Nf6 2. c4 c5 3. d5 b5 4. cxb5 a6 5. Nc3 d6 6. e4 g6 7. Nf3 Bg7 8. a4 O-O 9. h3 axb5 10. Bxb5 Ba6 11. Be3 Qa5 12. O-O Qb4 13. Qc2 Nbd7 14. Nd2 Ne5 15. b3 Nfd7 16. Rab1 Bxb5 17. Nxb5 Nb6 18. Rfc1 Rfc8 19. f4 Ned7 20. Nc4 Bd4 21. Kf2 Nxc4 22. Qxc4 Qd2+ 23. Qe2 Bxe3+ 24. Kf3 Qxe2+ 0-1


[Site "https://www.chess.com"]

[Event "Titled Tuesday Blitz September 28 2021"]
[White "Pavlidis, Anastasios"]
[Black "Potapova, Margarita"]
[WhiteFideId "4208404"]
[BlackFideId "14126869"]
[WhiteElo "2136"]
[BlackElo "2214"]
[Result "0-1"]
[Round "10"]
[TimeControl "180+1"]
[Date "2021.09.28"]
[WhiteClock "0:01:21"]
[BlackClock "0:01:17"]

1. d4 Nf6 2. c4 e6 3. Nf3 b6 4. a3 Bb7 5. Nc3 d5 6. cxd5 Nxd5 7. Qc2 Nxc3 8. bxc3 c5 9. e4 Nc6 10. Be3 Qc7 11. Bd3 Rc8 12. Qa2 Be7 13. O-O O-O 14. d5 exd5 15. exd5 Ne5 16. Be2 c4 17. Nxe5 Qxe5 18. Bxc4 Qxc3 19. Rfc1 Qe5 20. Qd2 Rxc4 21. Rxc4 Qxa1+ 22. Rc1 Qe5 23. Rd1 Rd8 24. Bf4 Qxd5 25. Qxd5 Rxd5 26. Re1 Kf8 27. h3 Bd6 28. Bc1 Bc5 29. Bf4 h6 30. h4 Rf5 31. g3 g5 32. hxg5 hxg5 33. Be3 Bxe3 34. Rxe3 g4 35. Rc3 Bf3 0-1


[Site "https://www.chess.com"]

[Event "Titled Tuesday Blitz September 28 2021"]
[White "Perez Ponsa, Federico"]
[Black "Nakamura, Hikaru"]
[WhiteFideId "117927"]
[BlackFideId "2016192"]
[WhiteElo "2672"]
[BlackElo "2884"]
[Result "1/2-1/2"]
[Round "10"]
[TimeControl "180+1"]
[Date "2021.09.28"]
[WhiteClock "0:02:37"]
[BlackClock "0:02:22"]

1. d4 Nf6 2. Nf3 d5 3. Bf4 Bf5 4. e3 e6 5. c4 Bd6 6. Bxd6 cxd6 7. Nc3 dxc4 8. Bxc4 d5 9. Bd3 Bxd3 10. Qxd3 O-O 11. O-O Nbd7 12. Rac1 a6 13. Rc2 Nb6 14. Rfc1 Rc8 15. Ne2 Rxc2 16. Qxc2 Ne4 1/2-1/2


[Site "https://www.chess.com"]

[Event "Titled Tuesday Blitz September 28 2021"]
[White "Petesch, Gabriel"]
[Black "Rudykh, Stepan"]
[WhiteFideId "2032465"]
[BlackFideId "4180321"]
[WhiteElo "2374"]
[BlackElo "2258"]
[Result "1-0"]
[Round "10"]
[TimeControl "180+1"]
[Date "2021.09.28"]
[WhiteClock "0:00:10"]
[BlackClock "0:00:09"]

1. Nf3 e6 2. e4 d5 3. Nc3 d4 4. Ne2 c5 5. c3 Nf6 6. e5 Nfd7 7. cxd4 cxd4 8. Nexd4 Nxe5 9. Bb5+ Nec6 10. Qa4 Bd7 11. O-O a6 12. Re1 Bc5 13. Nb3 Ba7 14. Qg4 axb5 15. Qxg7 Rf8 16. d4 Ne7 17. d5 Nxd5 18. Bh6 Qe7 19. Rad1 Nf6 20. Bg5 Bxf2+ 21. Kxf2 Ng4+ 22. Kg3 Qb4 23. Rd4 Qxe1+ 24. Nxe1 e5 25. Nc5 exd4 26. Nxb7 Ra6 27. h3 Ne3 28. Qe5+ Be6 29. Qxb8+ Kd7 30. Qxf8 Nf5+ 31. Kh2 Rxa2 32. Nc5+ Kc6 33. Nxe6 fxe6 34. Qf7 Kd5 35. Qb7+ Kd6 36. Qxb5 Ne3 37. Bf4+ e5 38. Qxe5+ Kc6 39. Bxe3 dxe3 40. Qe6+ Kc5 41. Qxa2 Kd4 42. Qb1 Kc4 43. Qd3+ Kb4 44. Qf1 h5 45. Kg1 h4 46. Qe2 Kb3 47. Qxe3+ Kxb2 48. Qd3 1-0


[Site "https://www.chess.com"]

[Event "Titled Tuesday Blitz September 28 2021"]
[White "Pichot, Alan"]
[Black "Tang, Andrew"]
[WhiteFideId "110973"]
[BlackFideId "2059630"]
[WhiteElo "2600"]
[BlackElo "2588"]
[Result "0-1"]
[Round "10"]
[TimeControl "180+1"]
[Date "2021.09.28"]
[WhiteClock "0:00:01"]
[BlackClock "0:01:17"]

1. e4 e5 2. Nf3 Nc6 3. Bb5 g6 4. d4 exd4 5. Bg5 Be7 6. Bxe7 Qxe7 7. Bxc6 dxc6 8. Qxd4 Nf6 9. Nc3 Bg4 10. O-O-O Bxf3 11. gxf3 O-O 12. f4 Nh5 13. f5 Rad8 14. Qe3 Qe5 15. Rhg1 Qxh2 16. Qxa7 b6 17. Qb7 c5 18. Nd5 Rd7 19. Rh1 Qxf2 20. Rxh5 Rxd5 21. Qxd5 Qf4+ 22. Kb1 gxh5 23. Rg1+ Kh8 24. Qc6 Qe5 25. Qh6 Rg8 26. Rh1 Qg7 27. Qxh5 Qg1+ 28. Qd1 Qxd1+ 29. Rxd1 Rg4 30. f6 h5 31. e5 Re4 32. a3 Rxe5 33. Rd7 Kg8 34. Rxc7 h4 35. Rc8+ Kh7 36. Rf8 Kg6 0-1


[Site "https://www.chess.com"]

[Event "Titled Tuesday Blitz September 28 2021"]
[White "Pourkashiyan, Atousa"]
[Black "Baskin, Robert"]
[WhiteFideId "12502014"]
[BlackFideId "24662402"]
[WhiteElo "2285"]
[BlackElo "2521"]
[Result "1-0"]
[Round "10"]
[TimeControl "180+1"]
[Date "2021.09.28"]
[WhiteClock "0:00:07"]
[BlackClock "0:00:02"]

1. e4 e6 2. d4 d5 3. Nd2 Nf6 4. e5 Nfd7 5. Bd3 c5 6. c3 Nc6 7. Ne2 cxd4 8. cxd4 f6 9. exf6 Nxf6 10. O-O Bd6 11. Nf3 O-O 12. Bf4 Bxf4 13. Nxf4 Ng4 14. Qc1 Qf6 15. Ne2 e5 16. dxe5 Ncxe5 17. Nxe5 Nxe5 18. Qd2 Be6 19. Rad1 Kh8 20. Nd4 Bf7 21. b3 Nc6 22. Bb1 Rfe8 23. h3 Re5 24. Nf3 Rh5 25. Rfe1 Bg6 26. Bxg6 Qxg6 27. Kh1 Rf8 28. Qd3 Qf6 29. Re3 h6 30. Rde1 Rf5 31. Re8 d4 32. R8e4 Rd5 33. Nh4 g5 34. Re6 gxh4 35. Rxf6 Rxf6 36. Re8+ Kg7 37. Qe4 Rdf5 38. Qg4+ Rg5 39. Qd7+ Rf7 40. Qc8 Ne7 41. Qd8 Ng6 42. Qxd4+ Kh7 43. f3 b6 44. Rd8 Rc5 45. Rd7 Rf5 46. Rxf7+ Rxf7 47. a4 Rg7 48. Kg1 Kg8 49. Kf2 Kh7 50. Qe4 Re7 51. Qf5 Rg7 52. b4 Kg8 53. a5 bxa5 54. bxa5 Kh7 55. a6 Kg8 56. Ke3 Kh7 57. Kd4 Kg8 58. Kc5 Kh7 59. Qd3 Rc7+ 60. Kb5 Rg7 61. f4 Kg8 62. f5 Ne5 63. Qd5+ Nf7 64. Qe6 Kh7 65. f6 Rg5+ 66. Ka4 Kg6 67. Qe7 1-0


[Site "https://www.chess.com"]

[Event "Titled Tuesday Blitz September 28 2021"]
[White "Reprintsev, Alexander"]
[Black "Gasanov, Zaur"]
[WhiteFideId "14100541"]
[BlackFideId "34125970"]
[WhiteElo "2126"]
[BlackElo "2099"]
[Result "1-0"]
[Round "10"]
[TimeControl "180+1"]
[Date "2021.09.28"]
[WhiteClock "0:01:48"]
[BlackClock "0:01:54"]

1. e4 c5 2. b3 Nc6 3. Bb2 d6 4. Bb5 Bd7 5. Ne2 Nf6 6. d3 e6 7. O-O Be7 8. c4 O-O 9. Nbc3 a6 10. Ba4 Rb8 11. f4 Qa5 12. Bxc6 Bxc6 13. Ng3 b5 14. Nh5 bxc4 15. dxc4 Nxh5 16. Qxh5 g6 17. Qh6 Bf6 18. Nd5 Bxb2 19. Ne7+ Kh8 20. Nxc6 Qc7 21. Nxb8 Bxa1 22. Qxf8# 1-0


[Site "https://www.chess.com"]

[Event "Titled Tuesday Blitz September 28 2021"]
[White "Roberson, Peter T"]
[Black "Mirzoev, Azer"]
[WhiteFideId "412384"]
[BlackFideId "13400304"]
[WhiteElo "2283"]
[BlackElo "2525"]
[Result "0-1"]
[Round "10"]
[TimeControl "180+1"]
[Date "2021.09.28"]
[WhiteClock "0:00:38"]
[BlackClock "0:01:15"]

1. e4 c6 2. Nf3 d5 3. Nc3 a6 4. g3 Bg4 5. Bg2 e6 6. O-O Nf6 7. h3 Bh5 8. e5 Nfd7 9. g4 Bg6 10. d3 c5 11. Bf4 Nc6 12. Qe2 Be7 13. Rae1 h6 14. Bg3 Qb6 15. Nd1 O-O-O 16. c4 dxc4 17. dxc4 Nd4 18. Nxd4 cxd4 19. f4 d3+ 20. Qf2 d2 21. Re2 Bc5 22. Ne3 Bd3 23. b4 Qxb4 24. Rxd2 Bxf1 25. Kxf1 Nb6 26. Qf3 Rxd2 27. Qxb7+ Kd8 28. Bh4+ g5 29. fxg5 Qb1+ 30. Be1 Qd3+ 31. Kg1 Qxe3+ 32. Kh2 Qg1+ 33. Kg3 Qxe1+ 0-1


[Site "https://www.chess.com"]